 Dungeon Crawl Stone Soup version 0.24-a0-487-g57318f2ed0 (webtiles) character file.

Game seed: 955156010213152067

6853 RedPan the Carver (level 10, -2/84 HPs)
             Began as a Demonspawn Berserker on July 11, 2019.
             Was an Elder of Trog.
             Slain by a large slime creature (19 damage)
             ... on level 9 of the Dungeon.
             The game lasted 00:29:09 (10448 turns).

RedPan the Carver (Demonspawn Berserker)           Turns: 10448, Time: 00:29:09

Health: -2/84      AC: 14    Str: 19    XL:     10   Next: 78%
Magic:  0/12       EV: 10    Int:  8    God:    Trog [****..]
Gold:   537        SH:  6    Dex: 17    Spells: 9/9 levels left

rFire    + . .     SeeInvis +   a - +11 plutonium sword {*Contam Stlth-}
rCold    + . .     Gourm    +   (shield currently unavailable)
rNeg     . . .     Faith    .   m - +1 chain mail
rPois    .         Spirit   +   y - +0 helmet
rElec    .         Reflect  .   t - +0 cloak
rCorr    .         Harm     .   (no gloves)
MR       .....     Rnd*Rage +   (no boots)
Stlth    ..........             b - amulet of the gourmand
HPRegen  0.24/turn              g - ring of protection from fire
MPRegen  0.13/turn              v - ring of see invisible

@: marked
A: hooves 1, large bone plates 2, agile 1, berserk 1, cold resistance 1, robust
1, magic shield
a: Berserk, Trog's Hand, Brothers in Arms, Renounce Religion


You were on level 9 of the Dungeon.
You worshipped Trog.
Trog was greatly pleased with you.
You were completely stuffed.

You visited 2 branches of the dungeon, and saw 10 of its levels.

You collected 537 gold pieces.

Inventory:

Hand Weapons
 a - the +11 plutonium sword (weapon) {*Contam Stlth-}
   (You acquired it on level 7 of the Dungeon)

   It causes magical contamination when unequipped.
   It makes you less stealthy.
 k - a +1 long sword
 z - a +2 flail of venom
Missiles
 j - 8 silver javelins (quivered)
Armour
 m - a +1 chain mail (worn)
 t - a +0 cloak (worn)
 y - a +0 helmet (worn)
Jewellery
 b - an amulet of the gourmand (around neck)
 g - a ring of protection from fire (left hand)
 v - a ring of see invisible (right hand)
 B - an uncursed ring of resist corrosion {unknown}
Wands
 h - a wand of paralysis (7)
 l - a wand of random effects (15)
Scrolls
 e - 2 scrolls of fear
 i - 5 scrolls of teleportation
 n - 4 scrolls of identify
 o - a scroll of blinking
 s - 6 scrolls of remove curse
 u - 2 scrolls of enchant armour
 w - 3 scrolls of enchant weapon
 x - a scroll of fog
Potions
 d - a potion of heal wounds
 f - 3 potions of curing
 p - 3 potions of berserk rage
 r - 2 potions of lignification
 C - a potion of brilliance
Comestibles
 c - 13 rations
 q - a chunk of flesh


   Skills:
 + Level 6.5 Fighting
 + Level 10.5 Long Blades
 - Level 8.0 Armour
 + Level 5.2 Dodging
 - Level 1.0 Stealth
 * Level 3.6 Evocations


You had 9 spell levels left.
You didn't know any spells.
Your spell library was empty.

Dungeon Overview and Level Annotations

Branches:
Dungeon (9/15)             Temple (1/1) D:6
   Lair: D:8-11         Orc: D:9-12

Altars:
Ashenzari
Cheibriados
Dithmenos
Elyvilon
Fedhas
Gozag
Hepliaklqana
Kikubaaqudgha
Makhleb
Nemelex Xobeh
Okawaru
Qazlal
Ru
Sif Muna
Trog
Uskayaw
Wu Jian
Xom
Yredelemnul
Zin
The Shining One

Shops:
D:4 (

Annotations:
D:3 3 runed translucent doors, Zaque's ghost, amateur DrWn
D:7 3 runed translucent doors, Zero's ghost, novice MiFi


Innate Abilities, Weirdness & Mutations

You have large cloven feet.
You are mostly covered in large bone plates. (SH +6)
Your flesh is cold resistant. (rC+)
You are robust. (+10% HP)
When hurt, damage is shared between your health and your magic reserves.
You are agile. (Dex +2)
You tend to lose your temper in combat.


Message History

The large slime creature barely misses you.
You riposte.
You slash the large slime creature!
The large slime creature is lightly wounded.
The ice beast hits you but does no damage.
The kobold closely misses you.
You riposte.
You slash the kobold!
You kill the kobold!
Trog accepts your kill.
You slash the ice beast! You kick the ice beast.
The ice beast is almost dead.
You block the large slime creature's attack.
The ice beast barely misses you. The kobold hits you but does no damage.
The large slime creature hits you!!
* * * LOW HITPOINT WARNING * * *
The ice beast hits you but does no damage.
You slash the ice beast!
You kill the ice beast!
Trog accepts your kill.
An adder comes into view.
The kobold closely misses you. The large slime creature hits you!!
You die...

..#..............#..รท##
#.#....###...#.#.....
#......# #...#...#.## .
#.<....# #...##..#.# ..
#......# #...##..#.# ...
#......# #...##..#.#
.K####(### #...###.#.# .
K..#.# ..... #...#
..K.##.#@# .......#....
......SJK# .......##..
.......KK# .........#
.#........ #...#.#...
.....#.....# ....
....... .... ## ..###


You could see a large slime creature, an adder and 3 kobolds.

Vanquished Creatures
  An ice dragon (D:9)
  A shining eye (D:8)
  A spiny frog (D:8)
  A hornet (D:8)
  Prince Ribbit (D:4)
  A hippogriff (D:7)
  A slime creature (D:9)
  6 yaks (D:9)
  2 wyverns (D:9)
  An acid dragon (D:8)
  Duvessa (D:7)
  3 sky beasts
  3 orc warriors
  An ice beast (D:9)
  2 ogres
  A boggart (D:8)
  2 wolves (D:8)
  A centaur (D:6)
  A big kobold (D:9)
  4 bullfrogs
  A gnoll sergeant (D:8)
  Dowan (D:7)
  5 scorpions
  2 howler monkeys
  6 wights
  3 crimson imps
  3 hounds
  7 orc wizards
  11 orc priests
  A gnoll shaman (D:7)
  Crazy Yiuf (D:5)
  2 bullfrog skeletons
  A centaur skeleton (D:4)
  Ijyb (D:3)
  5 worker ants
  A worker ant zombie (D:9)
  7 adders
  12 gnolls
  A shadow imp (D:9)
  An ooze (D:1)
  An adder zombie (D:8)
  A dart slug (D:2)
  26 orcs
  3 ball pythons
  8 bats
  A bat zombie (D:5)
  4 giant cockroaches
  4 hobgoblins
  14 kobolds
  3 quokkas
  3 frilled lizards
  A giant cockroach zombie (D:5)
  10 goblins
  2 quokka skeletons (D:6)
  5 rats
  A rat zombie (D:5)
194 creatures vanquished.

Vanquished Creatures (others)
  2 fungi (D:5)
2 creatures vanquished.

Grand Total: 196 creatures vanquished

Notes
Turn   | Place    | Note
-------+----------+-------------------------------------------
     0 | D:1      | RedPan the Demonspawn Berserker began the quest for the
                  | Orb.
     0 | D:1      | Reached XP level 1. HP: 18/18 MP: 1/1
   438 | D:1      | Gained mutation: You have large cloven feet. [demonic
                  | ancestry]
   438 | D:1      | Reached XP level 2. HP: 16/24 MP: 2/2
   577 | D:1      | Reached skill level 3 in Long Blades
  1446 | D:1      | Gained mutation: You are partially covered in large bone
                  | plates. (SH +4) [demonic ancestry]
  1446 | D:1      | Reached XP level 3. HP: 29/29 MP: 3/3
  1680 | D:2      | Reached ** piety under Trog
  1894 | D:2      | Found a basalt altar of Yredelemnul.
  1898 | D:2      | Reached skill level 1 in Stealth
  2322 | D:3      | Reached skill level 4 in Long Blades
  2322 | D:3      | Gained mutation: When hurt, damage is shared between your
                  | health and your magic reserves. [demonic ancestry]
  2322 | D:3      | Reached XP level 4. HP: 35/35 MP: 4/4
  2367 | D:3      | Found an opulent altar of Gozag.
  2392 | D:3      | Noticed Ijyb
  2417 | D:3      | Paralysed by Ijyb for 5 turns
  2426 | D:3      | Killed Ijyb
  2426 | D:3      | Reached XP level 5. HP: 35/41 MP: 5/5
  2589 | D:3      | Found a sparkling altar of Nemelex Xobeh.
  2744 | D:3      | Found a runed translucent gate.
  2744 | D:3      | Found a runed translucent gate.
  2749 | D:3      | Noticed Zaque's ghost (amateur DrWn)
  2756 | D:3      | Found a runed translucent gate.
  2769 | D:3      | Reached skill level 5 in Long Blades
  3501 | D:4      | Found a white marble altar of Elyvilon.
  3730 | D:4      | Found Aplidor's Weapon Boutique.
  3881 | D:4      | Found a hazy altar of Hepliaklqana.
  4077 | D:5      | Entered Level 5 of the Dungeon
  4077 | D:5      | Noticed Prince Ribbit
  4077 | D:5      | Noticed an ogre
  4168 | D:4      | Reached XP level 6. HP: 24/47 MP: 3/6
  4850 | D:4      | Killed Prince Ribbit
  4850 | D:4      | Reached skill level 6 in Long Blades
  4850 | D:4      | Gained mutation: Your flesh is cold resistant. (rC+)
                  | [demonic ancestry]
  4850 | D:4      | Reached XP level 7. HP: 45/52 MP: 7/7
  5250 | D:5      | Reached skill level 7 in Long Blades
  5250 | D:5      | Reached skill level 5 in Armour
  5387 | D:5      | Reached XP level 8. HP: 45/58 MP: 5/8
  5686 | D:5      | Found a runed translucent door.
  5689 | D:5      | Noticed Crazy Yiuf
  5773 | D:5      | Killed Crazy Yiuf
  5873 | D:5      | Found an ancient bone altar of Kikubaaqudgha.
  6118 | D:6      | Found a bloodstained altar of Trog.
  6148 | D:6      | Reached *** piety under Trog
  7122 | D:6      | Reached skill level 8 in Long Blades
  7437 | D:6      | Gained mutation: You are mostly covered in large bone
                  | plates. (SH +6) [demonic ancestry]
  7437 | D:6      | Reached XP level 9. HP: 55/63 MP: 9/9
  7616 | D:6      | Found a staircase to the Ecumenical Temple.
  7679 | Temple   | Entered the Ecumenical Temple
  7799 | D:7      | Noticed a cyclops
  7803 | D:7      | Found a runed translucent gate.
  7803 | D:7      | Found a runed translucent gate.
  7811 | D:7      | Noticed Zero's ghost (novice MiFi)
  7946 | D:7      | Noticed Duvessa
  7951 | D:7      | Noticed Dowan
  7959 | D:7      | Killed Duvessa
  7960 | D:7      | Killed Dowan
  8554 | D:7      | Found a runed translucent gate.
  8817 | D:7      | Identified a scroll of acquirement
  8818 | D:7      | Found the +11 plutonium sword {*Contam Stlth-}
  8823 | D:8      | Noticed Grum
  8829 | D:8      | Reached skill level 9 in Long Blades
  9047 | D:8      | Noticed Grum
  9047 | D:8      | Grum changed into Grum the acid dragon
  9048 | D:8      | Killed Grum the acid dragon
  9065 | D:8      | Reached **** piety under Trog
  9622 | D:8      | Noticed Joseph
  9630 | D:8      | Noticed Joseph
  9630 | D:8      | Joseph changed into Joseph the spiny frog
  9631 | D:8      | Killed Joseph the spiny frog
  9712 | D:8      | Gained mutation: You are robust. (+10% HP) [demonic
                  | ancestry]
  9712 | D:8      | Reached XP level 10. HP: 57/80 MP: 5/10
  9753 | D:8      | Reached skill level 5 in Fighting
  9839 | D:8      | Noticed a two-headed ogre
  9841 | D:8      | Noticed a shining eye
  9841 | D:8      | a two-headed ogre changed into a shining eye
  9843 | D:8      | Killed a shining eye
  9843 | D:8      | Reached skill level 10 in Long Blades
 10019 | D:9      | Gained mutation: You tend to lose your temper in combat.
                  | [potion of mutation]
 10019 | D:9      | Gained mutation: You are agile. (Dex +2) [potion of
                  | mutation]
 10184 | D:9      | Reached skill level 1 in Evocations
 10442 | D:9      | Noticed an ice dragon
 10442 | D:9      | a slime creature changed into an ice dragon
 10445 | D:9      | Killed an ice dragon
 10445 | D:9      | Reached skill level 5 in Dodging
 10448 | D:9      | Slain by a large slime creature

Levels and vault maps discovered:
D:1:      tarquinn_simple_flora_water_a, layout_basic
D:2:      layout_basic, old_standard_altar, first_ration
D:3:      layout_loops_corners, grunt_gozag_statues, old_standard_altar,
          gammafunk_ghost_split, uniq_ijyb
D:4:      layout_basic, nicolae_overflow_hidden_temple, serial_shops,
          shop_statue, elyvilon_altar_5
D:5:      layout_rooms, lemuel_zombie_altar_kikubaaqudgha,
          uniq_crazy_yiuf_cottage, uniq_prince_ribbit1
D:6:      layout_basic, lemuel_round_altar, minmay_temple_entry_enclosed_plants
D:7:      layout_loops_ring, gammafunk_ghost_split, uniq_duvessa
D:8:      layout_loops_corners, uniq_grum, uniq_joseph
D:9:      layout_basic, vehumet_crystals, lair_entry_dummy, serial_shops,
          shop_fountains
Temple:   eino_wide_crystal_templ

Skill      XL: |  1  2  3  4  5  6  7  8  9 10 |
---------------+-------------------------------+-----
Long Blades    | 3 4 5 6 7 8 9 10 | 10.5
Dodging        | 2 4 5 |  5.2
Stealth        | 1 |  1.0
Armour         | 2 4 5 6 8 |  8.0
Fighting       | 4 6 |  6.5
Evocations     | 3 |  3.6

Action                   |  1- 3 |  4- 6 |  7- 9 | 10-12 || total
-------------------------+-------+-------+-------+-------++-------
Melee: Falchion          |    69 |       |       |       ||    69
       Kick              |    16 |    51 |   126 |    26 ||   219
       Long sword        |    25 |   162 |   294 |       ||   481
       Triple sword      |       |       |    61 |    66 ||   127
Invok: Trog's Hand       |       |     1 |     6 |     1 ||     8
       Berserk           |       |       |     3 |       ||     3
  Use: Scroll            |     6 |     8 |     6 |     2 ||    22
       Potion            |       |       |     2 |     1 ||     3
 Stab: Sleeping          |     2 |       |       |       ||     2
       Invisible         |       |       |     1 |       ||     1
  Eat: Chunk             |     4 |     5 |    32 |     3 ||    44
       Ration            |       |     1 |     2 |       ||     3
Armor: Animal skin       |    18 |       |       |       ||    18
       Chain mail        |     4 |    90 |   144 |    26 ||   264
Dodge: Dodged            |    51 |    76 |   159 |    29 ||   315
Block: Other             |     7 |    33 |    58 |    23 ||   121
       Rpst.: Falchion   |    15 |       |       |       ||    15
       Long sword        |     4 |    29 |    40 |       ||    73
       Triple sword      |       |       |    13 |    12 ||    25

Table legend:
 A = Non-vault XP
 B = Vault XP
 C = Vault XP percentage of total XP
 D = Non-vault monster count
 E = Vault monster count
 F = Vault count percentage of total count
                 A         B        C        D         E       F
            +---------+---------+-------+---------+---------+-------
      Total |    8429 |    1362 |  13.9 |     183 |      11 |   5.7
            +---------+---------+-------+---------+---------+-------
        D:1 |      44 |       0 |   0.0 |      23 |       0 |   0.0
        D:2 |      28 |       0 |   0.0 |      15 |       0 |   0.0
        D:3 |     135 |      33 |  19.6 |      18 |       1 |   5.3
        D:4 |     394 |     274 |  41.0 |      16 |       1 |   5.9
        D:5 |     830 |      42 |   4.8 |      16 |       3 |  15.8
        D:6 |    1124 |       0 |   0.0 |      25 |       0 |   0.0
        D:7 |     740 |     211 |  22.2 |      16 |       2 |  11.1
        D:8 |    1876 |     802 |  29.9 |      29 |       4 |  12.1
        D:9 |    3258 |       0 |   0.0 |      25 |       0 |   0.0
            +---------+---------+-------+---------+---------+-------
